Unix NetHack Version 5.0.0-0 post-release - last build Jun 10 2026 00:39:30 (3ee93aec679c4c4259841fe613dc97188e26a321,branch:main).

Game began 2026-06-15 11:11:20, ended 2026-06-15 11:22:03.

Drastanta, lawful male human Knight

                                        -----
                                        |...|
                                        |....
                                     ----^^^----
                                     |...%.%...|
  --------                           |..^..^%..|
  |.......                           |...%...^.|
  |..[..<|                          #----.Zr----
  |.......#              ------     ###@Z%Z.|
  |......|#              |....|    ##  #|%..-
  --------#              +....|   ##   #---.-
          #   ------     |....-####    #   # #
          #   |..{.|     |..{.|        0######
          #   |....|#    |....|            #
          ####|0..^.##%##.....|          #####
             #|....|     ------      -----%-|---
             #-..(.|                 |.........|
              |....|                 |..{.......
              ------                 -----------

Drastanta the Esquire    St:15 Dx:11 Co:12 In:7 Wi:15 Ch:17  Lawful
Dlvl:4  $:42 HP:0(40) Pw:30(30) AC:3  Xp:5 T:1494  Burdened

Latest messages:
 You miss the gnome zombie.
 The gnome zombie misses!
 You miss the gnome zombie.
 The gnome zombie hits!
 You destroy the gnome zombie!
 You hit the gnome zombie.
 The gnome zombie hits!
 You miss the gnome zombie.
 The gnome zombie misses!
 You destroy the gnome zombie!
 The kobold zombie opens a door.
 You already found a monster.  Use 'm' prefix to force another search.
 You feel more confident in your weapon skills.
 (Tip: use the #enhance command to advance them.)
 You hit the dwarf zombie.
 The gnome zombie falls into a pit!
 The dwarf zombie misses!
 You hit the dwarf zombie.
 The dwarf zombie hits!
 You hit the dwarf zombie!
 The gnome zombie climbs out of the pit.
 The dwarf zombie misses!
 The dwarf zombie falls into a pit!
 You hit the dwarf zombie.
 You destroy the dwarf zombie!
 The gnome zombie climbs out of the pit.
 You miss the orc zombie.
 You hit the orc zombie!
 The orc zombie hits!
 You hit the orc zombie.
 The orc zombie hits!
 The orc zombie misses!
 You destroy the orc zombie!
 You hit the human zombie.
 You miss the human zombie.
 The human zombie hits!
 You hit the human zombie!
 The human zombie misses!
 You hit the human zombie!
 The human zombie turns to flee.
 You hit the human zombie.
 The dwarf zombie climbs out of the pit.
 You destroy the gnome zombie!
 The giant rat falls into a pit!
 You hit the gnome zombie!
 The gnome zombie just misses!
 You destroy the gnome zombie!
 The orc zombie hits!
 You die...
 Do you want your possessions identified? [ynq] (y) q

Inventory:
 Coins    ('$')
  $ - 42 gold pieces
 Weapons  (')')
  a - a corroded +1 long sword (weapon in right hand)
  b - a +1 lance (alternate weapon; not wielded)
 Armor    ('[')
  d - an uncursed +0 helmet (being worn)
  f - an uncursed +0 pair of leather gloves (being worn)
  e - an uncursed +0 small shield (being worn)
  c - a blessed +1 ring mail (being worn)
 Comestibles  ('%')
  g - 12 uncursed apples
  h - 13 uncursed carrots
  x - an uncursed cram ration
  j - 2 uncursed food rations
 Scrolls  ('?')
  i - 2 uncursed scrolls of destroy armor
  t - an uncursed scroll of identify
  v - an uncursed scroll of remove curse
  u - an uncursed scroll of teleportation
 Potions  ('!')
  q - 2 uncursed potions of fruit juice
  n - an uncursed potion of invisibility
  s - a blessed potion of speed
 Tools    ('(')
  k - an empty uncursed oilskin sack
  w - a bag of tricks (0:8)
  m - a magic marker (0:49)
  l - an uncursed skeleton key
 Gems/Stones  ('*')
  o - an uncursed topaz stone

Drastanta the Knight's attributes:

Background:
 You were an Esquire, a level 5 male human Knight.
 You were lawful, on a mission for Lugh
 who was opposed by Brigit (neutral) and Manannan Mac Lir (chaotic).
 You were right-handed.
 You were in the Dungeons of Doom, on level 4.
 You entered the dungeon 1494 turns ago.
 There was a new moon in effect when your adventure ended.
 You had 262 experience points, 58 more were needed to attain level 6.

Basics:
 You had 0 out of 40 hit points.
 You had all 30 energy points (spell power).
 Your armor class was 3.
 Your wallet contained 42 zorkmids.
 Autopickup was on for '$' plus thrown.

Final Characteristics:
 Your strength was 15 (limit:18/100).
 Your dexterity was 11 (limit:18).
 Your constitution was 12 (limit:18).
 Your intelligence was 7 (limit:18).
 Your wisdom was 15 (limit:18).
 Your charisma was 17 (limit:18).

Final Status:
 You weren't hungry.
 You were burdened; movement was slightly slowed.
 You were wielding a long sword.
 You had basic skill with long sword and could have enhanced that.

Final Attributes:
 You were devoutly aligned.
 You could jump.
 You were warded.
 You are dead.

Miscellaneous:
 You didn't encounter any bones levels.
 Total elapsed playing time was 10 minutes and 42 seconds.

Major events:
 Turn
    1: Drastanta the lawful male human Knight entered the dungeon
  789: attained the rank of Esquire (level 3)
 1494: killed by an orc zombie

You didn't know any spells.

Skills:
 Fighting Skills
   bare handed combat [Unskilled]
   two weapon combat  [Unskilled]
   riding             [Basic]
 Weapon Skills
   dagger             [Unskilled]
   knife              [Unskilled]
   axe                [Unskilled]
   pick-axe           [Unskilled]
   short sword        [Unskilled]
   broadsword         [Unskilled]
   long sword         [Basic]
   two-handed sword   [Unskilled]
   saber              [Unskilled]
   club               [Unskilled]
   mace               [Unskilled]
   morning star       [Unskilled]
   flail              [Unskilled]
   hammer             [Unskilled]
   polearms           [Unskilled]
   spear              [Unskilled]
   trident            [Unskilled]
   lance              [Basic]
   bow                [Unskilled]
   crossbow           [Unskilled]
 Spellcasting Skills
   attack spells      [Unskilled]
   healing spells     [Unskilled]
   clerical spells    [Unskilled]

Voluntary challenges:
 Character rerolling was not enabled.
 You were illiterate.
 You never genocided any monsters.
 You never polymorphed an object.
 You never changed form.
 You used no wishes.
Achievements:
 You entered a shop.
 You attained the rank of Esquire.

 The Dungeons of Doom: levels 1 to 4
    Level 1:
    Level 2:
       A weapon shop.
    Level 3:
       A general store, some sinks.
    Level 4: <- You were here.
       Many fountains.
       Final resting place for
          you, killed by an orc zombie.


Vanquished creatures:
  a large mimic
  a small mimic
  2 human zombies
  a pony
  a shrieker
  a kitten
  a giant bat
  3 orc zombies
  4 dwarf zombies
  a werejackal
 an iguana
 an acid blob
  a large kobold
  a hobgoblin
  a giant rat
  a garter snake
  9 gnome zombies
  2 jackals
  3 foxes
  a kobold
  a goblin
  4 grid bugs
  2 lichens
  9 kobold zombies
  3 newts
56 creatures vanquished.

No species were genocided or became extinct.

Game over:
                       ----------
                      /          \
                     /    REST    \
                    /      IN      \
                   /     PEACE      \
                  /                  \
                  |    Drastanta     |
                  |      42 Au       |
                  | killed by an orc |
                  |      zombie      |
                  |                  |
                  |                  |
                  |       2026       |
                 *|     *  *  *      | *
        _________)/\\_//(\/(/\)/\//\/|_)_______

Fare thee well Drastanta the Knight...

You died in The Dungeons of Doom on dungeon level 4 with 1236 points,
and 42 pieces of gold, after 1494 moves.
You were level 5 with a maximum of 40 hit points when you died.

